 Dungeon Crawl Stone Soup version 0.20-a0-1020-g7b9e4fe (webtiles) character file.

1607 zhorgal the Cleaver (level 8, 0/64 HPs)
             Began as a Hill Orc Fighter on Apr 18, 2017.
             Was an Initiate of Makhleb.
             Succumbed to a gnoll's poison
             ... on level 6 of the Dungeon.
             The game lasted 00:13:47 (4250 turns).

zhorgal the Cleaver (Hill Orc Fighter)              Turns: 4250, Time: 00:13:48

Health: 0/64       AC: 12    Str: 21    XL:     8   Next: 95%
Magic:  9/9        EV:  5    Int:  8    God:    Makhleb [......]
Gold:   222        SH:  9    Dex: 10    Spells: 7/7 levels left

rFire    . . .     SeeInvis +   a - +0 war axe
rCold    . . .     Gourm    .   c - +0 shield
rNeg     . . .     Faith    .   j - +0 chain mail
rPois    .         Spirit   .   (no helmet)
rElec    .         Reflect  .   v - +0 cloak
rCorr    +         Harm     .   (no gloves)
MR       +....                  (no boots)
Stlth    ..........             (no amulet)
Regen    0.2/turn               g - ring of resist corrosion
MPRegen  0.2/turn               r - ring of see invisible

@: lethally poisoned (0 -> -48)
A: iridescent scales 1, magic resistance 1
a: Renounce Religion


You were on level 6 of the Dungeon.
You worshipped Makhleb.
Makhleb was noncommittal.
You were not hungry.

You visited 1 branch of the dungeon, and saw 6 of its levels.

You collected 222 gold pieces.

Inventory:

Hand Weapons
 a - a +0 war axe (weapon)
 u - a +0 hunting sling
 x - a cursed +0 shortbow
Missiles
 e - 138 stones (quivered)
 y - 28 arrows
 A - 4 javelins
Armour
 c - a +0 shield (worn)
 j - a +0 chain mail (worn)
 v - a +0 cloak (worn)
Jewellery
 g - a ring of resist corrosion (left hand)
 r - a ring of see invisible (right hand)
 B - a cursed ring of loudness {unknown}
Scrolls
 h - 4 scrolls of identify {unknown}
 i - a scroll of enchant weapon {unknown}
 n - 3 scrolls of enchant armour {unknown}
 o - a scroll of teleportation {unknown}
 q - a scroll of fear {unknown}
 w - a scroll of amnesia {unknown}
 z - a scroll of magic mapping {unknown}
 C - a scroll of remove curse {unknown}
Potions
 b - a potion of ambrosia {unknown}
 d - 2 potions of might
 m - 3 potions of brilliance {unknown}
 p - a potion of agility {unknown}
 t - 2 potions of curing {unknown}
Comestibles
 f - 2 bread rations
 k - a chunk of flesh
 l - a royal jelly
 s - 2 meat rations


   Skills:
 - Level 3.6 Fighting
 * Level 13.7 Axes
 - Level 3.2 Armour
 - Level 3.2 Shields
 + Level 1.8 Invocations


You had 7 spell levels left.
You didn't know any spells.

Dungeon Overview and Level Annotations

Branches:
Dungeon (6/15)
 Temple: D:4-7

Altars:
Dithmenos
Kikubaaqudgha
Makhleb

Shops:
D:4 [

Annotations:
D:3 Sigmund


Innate Abilities, Weirdness & Mutations

You are partially covered in iridescent scales. (AC +2)
You are resistant to hostile enchantments. (MR+)


Message History

The gnoll hits you with a halberd of venom.
You are more poisoned.
The ogre completely misses you. You block the gnoll's attack.
You barely miss the gnoll.
The gnoll is lightly wounded.
You hit the ogre.
* * * LOW HITPOINT WARNING * * *
You feel sick. The gnoll hits you but does no damage.
The gnoll barely misses you. You block the gnoll's attack.
You hit the gnoll but do no damage.
The gnoll is lightly wounded.
You hit the ogre but do no damage.
* * * LOW HITPOINT WARNING * * *
You feel very sick. You block the ogre's attack.
The gnoll hits you with a halberd of venom!
* * * LOW HITPOINT WARNING * * *
You are more poisoned.
You block the gnoll's attack.
You die...

.##... .## ## ......
... ..... #....
#.##.(#...#
#....###..........
.#....!............ #.
..........##..#.......
.........g....... ....
(.....>@)g..........#
##....###O##.###....#.
#.... #gg...g?......
#...# #g.#..........
#..<# #.........(...
#...####..#.###.?....
#..................((
#..##.##..#.###.##...
#............. # ...


You could see an ogre and 3 gnolls.

Vanquished Creatures
  Grinder (D:3)
  The ghost of Apogee the Slasher, an amateur MiGl (D:3)
  Duvessa (D:5)
  2 ice beasts (D:5)
  A sky beast (D:4)
  A phantom (D:5)
  A necrophage (D:6)
  2 centaurs (D:5)
  Dowan (D:5)
  A howler monkey (D:4)
  A centaur zombie (D:5)
  3 hounds
  Crazy Yiuf (D:2)
  An orc priest (D:5)
  Jessica (D:2)
  3 worker ants
  4 gnolls
  A howler monkey zombie (D:5)
  5 adders
  A shadow imp (D:5)
  2 oozes
  3 worms (D:2)
  2 leopard geckos
  7 orcs
  A bat zombie (D:4)
  4 giant cockroaches
  5 goblins
  5 hobgoblins
  6 jackals
  3 ball pythons (D:1)
  4 bats
  4 frilled lizards
  2 kobolds (D:2)
  A quokka skeleton (D:5)
  18 rats
  A rat zombie (D:4)
101 creatures vanquished.

Notes
Turn   | Place    | Note
-------+----------+-------------------------------------------
     0 | D:1      | zhorgal the Hill Orc Fighter began the quest for the Orb.
     0 | D:1      | Reached XP level 1. HP: 19/19 MP: 1/1
    20 | D:1      | Reached skill level 3 in Axes
    41 | D:1      | Reached XP level 2. HP: 26/26 MP: 2/2
   139 | D:1      | Reached skill level 4 in Axes
   581 | D:1      | Reached XP level 3. HP: 31/31 MP: 3/3
  1018 | D:2      | Reached skill level 5 in Axes
  1062 | D:2      | Reached XP level 4. HP: 20/39 MP: 4/4
  1211 | D:2      | Noticed Jessica
  1217 | D:2      | Killed Jessica
  1217 | D:2      | Reached skill level 6 in Axes
  1495 | D:2      | Found a runed door.
  1499 | D:2      | Noticed Crazy Yiuf
  1502 | D:2      | Killed Crazy Yiuf
  1502 | D:2      | Reached XP level 5. HP: 38/45 MP: 5/5
  1679 | D:3      | Noticed Apogee's ghost (amateur MiGl)
  1690 | D:3      | Noticed Grinder
  1704 | D:3      | Killed Apogee's ghost
  1704 | D:3      | Reached skill level 8 in Axes
  1704 | D:3      | Reached XP level 6. HP: 25/51 MP: 6/6
  1710 | D:3      | Gained mutation: You are partially covered in iridescent scales. (AC +2) [potion of mutation]
  1710 | D:3      | Gained mutation: You are resistant to hostile enchantments. (MR+) [potion of mutation]
  2010 | D:3      | Killed Grinder
  2010 | D:3      | Reached skill level 9 in Axes
  2010 | D:3      | Reached XP level 7. HP: 38/57 MP: 7/7
  2123 | D:3      | Noticed Sigmund
  2148 | D:4      | Reached skill level 10 in Axes
  2667 | D:4      | Found an ancient bone altar of Kikubaaqudgha.
  2885 | D:4      | Found Boeluk's Antique Armour Shop.
  2925 | D:4      | Reached skill level 11 in Axes
  3031 | D:5      | Entered Level 5 of the Dungeon
  3031 | D:5      | Noticed Duvessa
  3031 | D:5      | Noticed Dowan
  3054 | D:5      | Killed Duvessa
  3054 | D:5      | Reached XP level 8. HP: 27/64 MP: 8/8
  3348 | D:5      | Killed Dowan
  3501 | D:5      | Reached skill level 12 in Axes
  3614 | D:5      | Found a shadowy altar of Dithmenos.
  3835 | D:5      | Reached skill level 13 in Axes
  3848 | D:5      | Found a burning altar of Makhleb.
  3855 | D:5      | Became a worshipper of Makhleb the Destroyer
  4189 | D:6      | Reached skill level 1 in Invocations
  4250 | D:6      | Succumbed to a gnoll's poison

Vault maps used:
D:1:      erik_arrival_orb_chamber, minmay_shallow_snake_nest
D:2:      first_bread, uniq_crazy_yiuf_cottage, uniq_jessica
D:3:      kennysheep_big_flooded_room, grunt_temple_overflow_octagram,
          uniq_grinder, uniq_sigmund
D:4:      lemuel_zombie_altar_kikubaaqudgha, serial_shops, kennysheep_mini_moat
D:5:      lemuel_round_altar, nicolae_dithmenos_shadow_blocks, uniq_duvessa
D:6:      hangedman_abyss_or_decor_passed, roderic_lattice_a, uniq_menkaure

Skill      XL: |  1  2  3  4  5  6  7  8 |
---------------+-------------------------+-----
Axes           | 3 4 5 6 8 9 11 13 | 13.7
Invocations    | 1 |  1.8
Fighting       | |  3.6
Armour         | |  3.2
Shields        | |  3.2

Action                   |  1- 3 |  4- 6 |  7- 9 || total
-------------------------+-------+-------+-------++-------
Melee: War axe           |   102 |    87 |   195 ||   384
Throw: Stone             |    41 |    10 |    60 ||   111
  Use: Potion            |       |     1 |       ||     1
  Eat: Chunk             |     1 |     2 |     8 ||    11
Armor: Scale mail        |    38 |       |       ||    38
       Chain mail        |    23 |    34 |    93 ||   150
Dodge: Dodged            |    26 |    12 |    23 ||    61
Block: Shield            |    54 |    31 |    91 ||   176
